 Dungeon Crawl Stone Soup version 0.16.1-7-g2c6721e (webtiles) character file.

42 abixa the Slasher (level 3, 0/29 HPs)
             Began as a Formicid Fighter on Mar 29, 2015.
             Succumbed to an adder's poison
             ... on level 4 of the Dungeon.
             The game lasted 00:03:40 (1083 turns).

abixa the Slasher (Formicid Fighter)                Turns: 1083, Time: 00:03:40

Health: 0/29       AC:  6    Str: 20    XL:     3   Next: 77%
Magic:  4/4        EV:  7    Int:  7    God:
Gold:   92         SH:  9    Dex: 11    Spells: 0 memorised, 2 levels left

rFire  . . .     SeeInvis +     a - +0 long sword
rCold  . . .     Clarity  .     b - +0 scale mail
rNeg   + . .     SustAb   .     c - +0 shield
rPois  .         Gourm    .     (helmet unavailable)
rElec  .         Spirit   .     (no cloak)
rCorr  .         Warding  .     (no gloves)
rMut   .         Stasis   +     (no boots)
MR     .....                    (no amulet)
Stlth  ..........               x - ring of teleportation (curse)
                                m - ring of positive energy

@: lethally poisoned (0 -> -14), not resistant to hostile enchantments,
extremely unstealthy
A: permanent stasis, dig shafts and tunnels, four strong arms, antennae 3
a: Dig, Shaft Self, Evoke Teleportation


You were on level 4 of the Dungeon.
You were very hungry.

You visited 1 branch of the dungeon, and saw 3 of its levels.

You collected 92 gold pieces.

Inventory:

Hand weapons
 a - a +0 long sword (weapon)
Missiles
 g - 49 sling bullets
 i - 20 poisoned needles
 l - 21 stones (quivered)
 o - 21 arrows
 s - 3 needles of frenzy
 w - 25 bolts
Armour
 b - a +0 scale mail (worn)
 c - a +0 shield (worn)
Jewellery
 m - a ring of positive energy (left hand)
 x - a cursed ring of teleportation (right hand)
Scrolls
 f - 3 scrolls of remove curse {unknown}
 h - 2 scrolls of blinking {unknown}
 j - a scroll of amnesia {unknown}
 k - 3 scrolls of identify {unknown}
 p - a scroll of fog {unknown}
 r - a scroll of recharging {unknown}
 t - a scroll of fear {unknown}
Potions
 e - a potion of might
 q - a potion of haste {unknown}
 v - a potion of lignification {unknown}
Comestibles
 d - 2 bread rations
 n - 3 fruits
 u - a beef jerky


   Skills:
 - Level 3.2 Fighting
 + Level 3.8 Long Blades
 - Level 3.2 Armour
 - Level 3.6 Shields


You had 2 spell levels left.
You didn't know any spells.

Dungeon Overview and Level Annotations

Branches:
Dungeon (4/15)
 Temple: D:4-7

Altars:
Trog


Innate Abilities, Weirdness & Mutations

You are under a permanent stasis effect.
You can dig through walls and to a lower floor.
Your four strong arms can wield two-handed weapons with a shield.
You have a pair of large antennae on your head (SInv).


Message History

The adder bites you but does no damage.
Unknown command.
Use which ability? (? or * to list)
You extend your mandibles.
Unknown command.
Use which ability? (? or * to list) Are you sure you want to shaft yourself?
You are feeling very hungry.
The adder bites you but does no damage.
You begin to dig a shaft.
You continue digging a shaft.
* * * LOW HITPOINT WARNING * * *
You feel sick. The adder bites you.
* * * LOW HITPOINT WARNING * * *
You are more poisoned.
The adder poisons you! The adder bites you.
* * * LOW HITPOINT WARNING * * *
A shaft appears beneath you!
You fall through a shaft for 2 floors!
The shaft crumbles and collapses.
You die...

. .# ##.#
#../##
#..#.####
.........
###........
#..........#
#@<......#
#.........
#....###.
#......
#........
#..##...
#..# .# #...
#.#


There were no monsters in sight!

Vanquished Creatures
  A worm (D:2)
  4 giant geckos
  A giant cockroach (D:1)
  6 goblins
  4 hobgoblins
  2 jackals (D:1)
  7 kobolds
  A bat (D:1)
  A giant newt (D:1)
  4 rats
31 creatures vanquished.

Notes
Turn   | Place    | Note
--------------------------------------------------------------
     0 | D:1      | abixa, the Formicid Fighter, began the quest for the Orb.
     0 | D:1      | Reached XP level 1. HP: 18/18 MP: 1/1
   126 | D:1      | Reached XP level 2. HP: 21/24 MP: 3/3
   403 | D:1      | Reached XP level 3. HP: 16/29 MP: 4/4
   907 | D:2      | Found a bloodstained altar of Trog.
  1082 | D:2      | HP: 1/29 [adder (1)]
  1083 | D:2      | You fall through a shaft for 2 floors!
  1083 | D:4      | Succumbed to an adder's poison

Action                   || total
-------------------------++-------
Melee: Long sword        ||   119
 Abil: Dig               ||     1
       Shaft Self        ||     1
